Map: Frost LE

Players

Serral - Winner!

  • Race: Zerg Zerg

uThermal

  • Race: Terran Terran

Event: 2016 WCS Summer Circuit Championship (DH Montreal)

VOD

https://www.youtube.com/watch?v=RC_KBb5eVU8

Description

Time

  • Played on: Aug. 12, 2016, 1:23 p.m.
  • Length: 23:02

All games in this series

Show
View Real Time Build Order
Export as new Build Order

Serral Zerg - Winner!

Build Orders: Hatch First, Muta Ling Bane, Ultralisks 

Get SALT Encoding   

  12  0:00  Drone  
  13  0:13  Overlord  
  13  0:17  Drone  
  14  0:31  Drone x2  
  14  0:35  Drone  
  17  0:52  Hatchery  
  17  0:55  Drone  
  17  0:58  Drone  
  17  1:00  Extractor  
  17  1:14  Spawning Pool  
  17  1:17  Drone  
  17  1:20  Drone  
  18  1:29  Drone  
  19  1:39  Overlord  
  19  2:00  Queen  
  21  2:01  Metabolic Boost, Zergling x4  
  21  2:04  Queen  
  21  2:08  Drone  
  26  2:12  Drone  
  27  2:15  Drone  
  29  2:22  Drone  
  29  2:27  Drone  
  30  2:37  Pneumatized Carapace  
  30  2:40  Queen  
  30  2:42  Overlord  
  32  2:45  Drone  
  32  2:49  Drone  
  34  2:51  Drone  
  34  2:55  Drone  
  36  3:02  Overlord  
  37  3:05  Drone  
  37  3:09  Drone x3  
  37  3:10  Drone  
  41  3:13  Drone  
  41  3:15  Drone  
  41  3:17  Drone  
  44  3:31  Hatchery, Drone  
  44  3:37  Queen  
  44  3:39  Drone  
  47  3:43  Drone x3  
  47  3:48  Overlord  
  50  3:56  Drone x2  
  52  4:03  Evolution Chamber, Overlord  
  52  4:04  Evolution Chamber  
  52  4:06  Overlord  
  52  4:08  Drone x3  
  53  4:13  Extractor, Queen  
  54  4:19  Overlord  
  53  4:27  Zergling x8  
  53  4:28  Zergling x6  
  60  4:32  Zerg Melee Weapons Level 1  
  60  4:34  Zerg Ground Armor Level 1  
  60  4:41  Drone x2  
  60  4:42  Baneling Nest, Extractor  
  60  4:48  Zergling x8  
  60  4:52  Queen  
  64  4:57  Queen  
  68  5:00  Zergling x4  
  70  5:07  Zergling x6  
  70  5:08  Zergling x2  
  74  5:22  Drone x5  
  74  5:25  Zergling x6  
  74  5:26  Lair  
  81  5:32  Drone x2  
  81  5:33  Drone x2  
  81  5:35  Drone  
  81  5:38  Overlord  
  81  5:43  Overlord  
  81  5:52  Overlord  
  81  6:00  Overlord  
  81  6:01  Overlord  
  81  6:03  Zergling x2  
  82  6:10  Queen x2  
  86  6:11  Zergling x2  
  86  6:12  Zergling x6  
  86  6:13  Baneling  
  86  6:14  Baneling x10  
  90  6:22  Zergling x2  
  90  6:23  Zergling x8  
  90  6:25  Queen  
  95  6:27  Zergling x2  
  95  6:28  Zergling x6  
  100  6:36  Overlord  
  100  6:37  Zergling x8  
  101  6:42  Baneling  
  101  6:43  Baneling x6  
  101  6:49  Zergling x8  
  101  6:54  Centrifical Hooks  
  105  7:07  Queen  
  111  7:11  Drone  
  111  7:12  Drone, Overlord x2  
  113  7:27  Extractor  
  113  7:28  Extractor x2, Zerg Melee Weapons Level 2  
  113  7:29  Spire, Zerg Ground Armor Level 2  
  105  7:30  Drone  
  105  7:31  Drone x6  
  105  7:35  Drone x2  
  114  7:39  Drone x3  
  117  7:49  Drone x3  
  117  7:50  Drone x2  
  122  7:54  Overlord x3  
  121  8:06  Baneling x5  
  121  8:09  Overlord  
  121  8:12  Overlord  
  121  8:14  Zergling x2  
  121  8:15  Zergling x12  
  127  8:23  Zergling x2  
  127  8:24  Zergling x12  
  132  8:34  Baneling x2  
  132  8:35  Zergling x2  
  132  8:36  Zergling x4  
  124  8:55  Mutalisk x10  
  134  9:03  Zergling x8  
  134  9:05  Baneling x3  
  138  9:14  Baneling x2  
  138  9:16  Zergling x6  
  141  9:20  Zergling x2  
  141  9:21  Hatchery, Zergling x10  
  131  9:32  Zerg Flyer Weapons Level 1, Overlord  
  131  9:36  Zergling x2  
  131  9:37  Zergling x12  
  122  9:52  Mutalisk x4  
  118  9:56  Hatchery  
  125  10:03  Queen  
  125  10:04  Mutalisk x2  
  125  10:05  Mutalisk  
  126  10:08  Drone x4  
  126  10:09  Drone  
  129  10:16  Baneling x2, Zergling x2  
  129  10:17  Zergling x8  
  134  10:27  Mutalisk  
  134  10:28  Mutalisk x3  
  134  10:30  Zergling x2  
  134  10:31  Zergling x2  
  134  10:32  Overseer  
  139  10:38  Zergling x4  
  139  10:39  Zergling x6  
  144  10:53  Zergling x4  
  144  10:55  Baneling  
  144  10:56  Baneling x3, Overlord  
  146  10:58  Overlord  
  146  11:00  Baneling x2  
  146  11:07  Infestation Pit  
  141  11:11  Mutalisk x2  
  141  11:12  Mutalisk x3  
  141  11:15  Drone x5  
  153  11:21  Queen  
  155  11:30  Zergling x2  
  155  11:31  Zergling x10  
  161  11:33  Baneling x2  
  161  11:34  Baneling x2  
  159  11:43  Overlord  
  159  11:44  Mutalisk x2  
  161  11:48  Extractor x2  
  161  11:49  Drone x2  
  161  11:53  Overlord x2  
  162  11:56  Overlord x2  
  159  12:12  Hive  
  159  12:15  Zergling x22  
  164  12:17  Baneling x4  
  168  12:38  Zergling x2  
  168  12:39  Zergling x28  
  182  12:47  Overseer  
  182  12:50  Baneling x2  
  182  12:53  Overlord  
  182  12:55  Baneling x4  
  182  13:00  Zergling x2  
  182  13:01  Zergling x18  
  192  13:10  Mutalisk x2  
  192  13:11  Mutalisk x3  
  192  13:19  Mutalisk x4  
  200  13:29  Ultralisk Cavern  
  196  13:35  Zergling x2  
  196  13:36  Zergling x6  
  192  13:49  Baneling x2  
  192  13:51  Zerg Ground Armor Level 3, Zerg Melee Weapons Level 3  
  192  13:52  Adrenal Glands  
  184  13:59  Hatchery  
  180  14:11  Baneling x6  
  180  14:12  Baneling x2  
  175  14:18  Chitinous Plating  
  172  14:25  Ultralisk  
  172  14:26  Ultralisk  
  172  14:28  Ultralisk  
  190  14:31  Baneling  
  190  14:32  Baneling  
  190  14:33  Zergling x2  
  190  14:34  Zergling x8  
  195  14:45  Extractor, Ultralisk  
  200  14:46  Baneling  
  200  14:47  Baneling  
  184  15:00  Zergling x2, Ultralisk  
  184  15:02  Overlord  
  190  15:10  Overlord  
  190  15:11  Hatchery  
  176  15:23  Spire  
  176  15:27  Drone x2  
  176  15:30  Infestor x2  
  180  15:40  Zergling x12  
  187  15:52  Greater Spire  
  181  15:59  Drone x2  
  181  16:00  Drone x6  
  181  16:03  Drone x3  
  181  16:04  Drone  
  175  16:12  Drone x2  
  177  16:19  Zergling x2  
  177  16:20  Zergling x22  
  189  16:26  Mutalisk x2  
  189  16:27  Mutalisk  
  134  17:13  Baneling x6  
  134  17:15  Corruptor  
  134  17:16  Corruptor x9  
  154  17:26  Zerg Flyer Armor Level 1, Zerg Flyer Weapons Level 2  
  148  17:42  Zergling x6  
  148  17:43  Zergling x10  
  144  17:58  Hatchery  
  141  18:07  Hatchery  
  140  18:27  Baneling x4  
  140  18:28  Baneling x2  
  140  18:34  Ultralisk  
  146  18:42  Hatchery  
  146  18:45  Overseer  
  144  18:58  Ultralisk x2  
  147  19:18  Zergling x16  
  147  19:19  Zergling x2  
  156  19:29  Zergling x8  
  160  19:46  Baneling x2  
  160  19:48  Baneling x2  
  160  19:52  Zergling x10  
  165  19:53  Zergling x10  
  170  20:16  Corruptor x4  
  170  20:19  Baneling x2  
  177  20:26  Hatchery  
  166  20:36  Zergling x10  
  166  20:37  Zergling x8  
  175  20:46  Infestor x2  
  175  20:47  Infestor  
  175  21:27  Zergling x2  
  175  21:28  Zergling x12  
  178  21:33  Zergling x8, Ultralisk  
  182  21:41  Queen  
  182  21:45  Burrow  
  184  21:49  Spore Crawler  
  178  21:57  Hatchery  
  178  21:59  Extractor  
  178  22:00  Extractor  
  175  22:04  Extractor  
  175  22:05  Drone x3, Nydus Network  
  175  22:07  Drone x4  
  175  22:08  Drone x2  
  182  22:11  Baneling x8  
  182  22:12  Baneling x2  
  182  22:29  Zergling x2  
  183  22:30  Zergling x22  
Show
View Real Time Build Order
Export as new Build Order

uThermal Terran 

Build Orders: Reaper Expand, Bio Mine 

Get SALT Encoding   

  12  0:01  SCV  
  13  0:14  SCV  
  14  0:17  Supply Depot  
  14  0:26  SCV  
  15  0:39  SCV  
  15  0:41  Barracks  
  16  0:45  Refinery  
  16  0:51  SCV  
  17  1:03  SCV  
  18  1:15  SCV  
  19  1:29  Reaper, Orbital Command  
  20  1:41  Command Center  
  20  1:52  Barracks  
  20  1:56  SCV  
  21  2:01  Barracks Reactor  
  21  2:08  SCV  
  21  2:10  Supply Depot  
  22  2:17  Refinery  
  22  2:20  SCV  
  23  2:26  Factory  
  23  2:32  SCV  
  24  2:38  Marine x2  
  24  2:39  Barracks Tech Lab  
  26  2:44  SCV  
  27  2:56  Orbital Command  
  27  2:57  Marine, SCV  
  29  3:02  Stimpack  
  29  3:07  Marine x2  
  31  3:15  SCV  
  31  3:17  Starport  
  32  3:21  SCV  
  32  3:24  Factory Reactor  
  32  3:25  Marine  
  34  3:28  Marine  
  34  3:29  Marine  
  36  3:34  SCV  
  36  3:35  SCV  
  38  3:42  Marine  
  38  3:43  Supply Depot  
  38  3:46  Marine, SCV  
  38  3:48  SCV  
  42  3:59  SCV  
  42  4:00  SCV  
  42  4:02  Supply Depot, Marine  
  45  4:05  Medivac x2  
  45  4:06  Factory Tech Lab  
  49  4:11  Supply Depot, Marine  
  50  4:19  Marine  
  50  4:22  SCV x2  
  50  4:23  Marine, Refinery  
  54  4:26  Supply Depot  
  54  4:29  Marine  
  55  4:32  Supply Depot  
  55  4:37  Marine, Siege Tank  
  59  4:42  SCV  
  59  4:43  SCV  
  59  4:44  Marine  
  62  4:47  Marine  
  63  4:54  SCV  
  63  4:55  Marine  
  63  4:56  SCV  
  66  5:02  Combat Shields  
  66  5:03  Marine  
  66  5:06  SCV  
  68  5:09  Siege Tank  
  71  5:16  Marine  
  71  5:17  Marine  
  71  5:18  Command Center  
  73  5:24  Marine  
  73  5:26  SCV  
  73  5:27  Barracks  
  74  5:33  Medivac  
  74  5:34  Marine  
  77  5:38  Marine  
  77  5:42  Engineering Bay  
  78  5:43  Supply Depot, SCV  
  78  5:45  Marine, Refinery  
  78  5:48  Engineering Bay  
  80  5:53  Marine  
  80  5:56  Siege Tank  
  84  5:57  SCV  
  84  6:01  Supply Depot  
  85  6:04  Medivac x2  
  85  6:09  SCV  
  85  6:10  SCV  
  91  6:14  Marine x2  
  91  6:17  Barracks Reactor  
  91  6:18  Terran Infantry Weapons Level 1  
  93  6:23  Terran Infantry Armor Level 1  
  93  6:24  SCV  
  94  6:28  Marine, SCV  
  94  6:32  Marine x2  
  97  6:34  Medivac  
  99  6:44  Orbital Command  
  99  6:46  Marine  
  100  6:49  Marine  
  100  6:51  Barracks  
  100  6:52  Barracks  
  100  6:53  Marine  
  102  6:54  Marine  
  102  6:58  Siege Tank  
  102  6:59  Marine  
  107  7:04  Marine  
  107  7:07  Marine  
  107  7:08  Supply Depot, SCV x2  
  110  7:10  Marine  
  110  7:12  Marine  
  112  7:18  Armory  
  112  7:20  SCV  
  112  7:22  Marine  
  114  7:25  Marine x2, SCV  
  114  7:29  Marine  
  117  7:31  Orbital Command  
  118  7:38  Supply Depot, Marine, SCV  
  118  7:40  Supply Depot, Marine  
  118  7:42  Barracks Tech Lab  
  121  7:44  Barracks Tech Lab  
  121  7:50  Siege Tank  
  124  7:51  SCV  
  125  8:00  Marine x2  
  125  8:01  Concussive Shells  
  125  8:02  Marine x2  
  125  8:04  Marine  
  125  8:05  Marine  
  131  8:13  Terran Infantry Weapons Level 2  
  131  8:17  Terran Infantry Armor Level 2  
  131  8:18  Marine x2  
  132  8:23  Siege Tank  
  135  8:33  Marine x2  
  135  8:34  Marauder x2  
  141  8:38  Marine  
  141  8:39  Marine, Marauder  
  139  8:44  Supply Depot  
  124  8:51  Marine x2  
  124  8:53  SCV  
  124  8:54  Marine  
  124  8:55  Marauder  
  126  8:56  Marine  
  126  8:58  Marine  
  126  9:00  Marine  
  129  9:06  Drilling Claws  
  129  9:10  SCV  
  129  9:11  Factory  
  129  9:12  SCV  
  132  9:17  Marine, SCV  
  132  9:18  Marine  
  132  9:19  Marine  
  132  9:21  Marine  
  132  9:23  Marine  
  131  9:27  SCV  
  131  9:31  Marine  
  129  9:40  SCV  
  129  9:41  SCV  
  129  9:43  SCV  
  110  9:53  Marauder, Marine x2, SCV x2  
  110  9:55  SCV  
  110  9:56  Factory Reactor  
  112  10:05  SCV x2  
  106  10:07  Marine, SCV  
  106  10:08  Marauder  
  106  10:09  Marine  
  106  10:11  Missile Turret, Marine  
  106  10:13  Missile Turret  
  106  10:16  Medivac  
  106  10:18  Medivac  
  110  10:28  Missile Turret, SCV x2  
  111  10:34  Widow Mine x2  
  118  10:37  Thor  
  118  10:39  Marine x2  
  118  10:40  Marine  
  125  10:50  Terran Infantry Weapons Level 3  
  125  10:52  Terran Infantry Armor Level 3  
  125  10:54  Marine x2  
  119  11:12  Marine  
  119  11:13  Marine, Marauder  
  119  11:14  Marauder  
  119  11:17  Marine, Marauder  
  119  11:18  Marine  
  113  11:20  Widow Mine  
  113  11:21  Widow Mine x2  
  119  11:29  Medivac x2  
  119  11:30  Marine  
  119  11:31  Command Center, Marine  
  125  11:34  Marauder  
  125  11:35  Marine x2  
  125  11:38  Marine  
  125  11:39  Marauder  
  125  11:45  SCV  
  125  11:48  Missile Turret  
  125  11:49  Missile Turret  
  125  11:50  SCV  
  125  11:52  Missile Turret, Widow Mine  
  125  11:53  Marauder  
  130  11:58  SCV  
  131  12:06  Marine  
  134  12:08  Refinery  
  134  12:09  Widow Mine  
  134  12:10  SCV, Refinery  
  134  12:13  Widow Mine  
  139  12:17  Marine  
  138  12:29  Supply Depot x2  
  138  12:30  Supply Depot  
  138  12:32  Marine  
  138  12:33  Marine x2, Marauder  
  130  12:39  Widow Mine  
  132  12:49  Widow Mine, Marine  
  132  12:50  Marauder  
  137  12:53  Missile Turret  
  137  12:56  Widow Mine  
  139  13:03  Marine  
  139  13:06  Marine  
  139  13:07  Marine, Marauder  
  139  13:08  Widow Mine  
  139  13:09  Marine  
  139  13:11  Supply Depot x2  
  139  13:12  SCV  
  143  13:13  Marine  
  143  13:19  Missile Turret  
  142  13:22  Widow Mine  
  142  13:27  Planetary Fortress  
  142  13:31  Marine  
  142  13:32  Marine  
  141  13:37  Missile Turret  
  141  13:38  Missile Turret  
  140  13:45  Missile Turret  
  140  13:47  Missile Turret  
  140  13:49  Widow Mine  
  140  13:50  Widow Mine  
  144  13:55  Medivac  
  144  13:56  Marine  
  144  13:57  Marauder  
  149  14:08  Widow Mine  
  151  14:11  Marine x2  
  151  14:12  Marauder x2  
  151  14:14  Marine  
  158  14:18  Widow Mine x2, Marauder  
  158  14:22  Marine  
  158  14:23  Ghost Academy  
  161  14:24  Liberator  
  161  14:25  Liberator  
  161  14:32  Marine x2  
  161  14:33  Marauder x2  
  167  14:40  Marauder  
  168  15:00  Marine, Marauder  
  168  15:04  Marine  
  174  15:07  Marine  
  174  15:09  Marine  
  174  15:13  Widow Mine  
  176  15:22  Ghost  
  176  15:23  Ghost x2  
  176  15:24  Medivac  
  180  15:31  Supply Depot  
  180  15:32  Supply Depot  
  180  15:33  Supply Depot  
  180  15:43  Supply Depot  
  180  15:52  Marine x2, Ghost, Medivac  
  180  15:53  Marine, Marauder  
  180  15:54  Marauder  
  191  16:03  Marine  
  190  16:11  Marine  
  181  16:12  Command Center, Marine x2  
  181  16:14  Ghost, Marauder  
  187  16:18  Medivac  
  187  16:21  Marine  
  187  16:24  Marine  
  187  16:29  Marine x2  
  187  16:34  Marine  
  187  16:36  Marauder  
  187  16:39  Marauder  
  182  16:44  Marauder  
  141  16:50  Marine x2  
  136  16:55  Marine  
  140  17:06  Ghost  
  136  17:11  Marine x2  
  136  17:12  Marauder  
  136  17:13  Marine, Marauder  
  141  17:17  Marine  
  142  17:24  Refinery  
  142  17:25  Refinery  
  142  17:33  Marauder  
  142  17:35  Ghost  
  144  17:40  Orbital Command  
  144  17:41  SCV x2  
  136  17:44  SCV  
  136  17:53  Marine, SCV x2  
  136  17:56  SCV  
  136  17:57  Command Center, Ghost  
  141  18:04  Ghost  
  141  18:05  SCV  
  144  18:10  Liberator  
  144  18:11  Marine  
  144  18:12  Marauder  
  147  18:15  Marine  
  147  18:18  Marine  
  143  18:27  Marine, Marauder  
  147  18:34  Orbital Command  
  147  18:36  Ghost  
  149  18:45  Marine  
  149  18:46  Marauder  
  152  18:48  Marine  
  152  18:49  Marauder  
  155  18:57  Marine  
  155  19:00  Marine  
  149  19:06  Marauder  
  149  19:07  Marauder  
  153  19:11  Liberator  
  144  19:18  Ghost  
  144  19:19  Marine x2  
  144  19:20  Marine x2  
  147  19:27  Marauder  
  147  19:29  Marauder  
  145  19:37  Marine x3  
  145  19:38  Marine  
  144  19:47  Marauder  
  144  19:48  Marine  
  144  19:49  Marine  
  143  19:55  Marine x3  
  143  19:56  Marine  
  143  19:59  Orbital Command  
  147  20:06  Marine  
  144  20:07  Marine  
  144  20:08  Marine  
  144  20:13  Marine x2, Orbital Command  
  141  20:14  Marine  
  142  20:24  Liberator, Marine, Marauder  
  145  20:29  Marine x2  
  145  20:30  Liberator  
  147  20:42  Marine  
  154  21:04  Marine, Marauder  
  153  21:07  Liberator  
  153  21:10  Marine  
  153  21:11  Marauder  
  159  21:13  Liberator  
  159  21:14  Marine x2  
  164  21:31  Marine, Marauder  
  161  21:33  Marine x2  
  161  21:34  Marauder x2  
  161  21:35  Marine  
  164  21:49  Marine  
  164  21:50  Liberator  
  164  21:51  Marine x2  
  164  21:53  Marine, Marauder  
  170  21:55  Marauder  
  170  21:56  Liberator  
  170  21:57  Marine  
  176  22:08  Marine  
  176  22:09  Marine  
  176  22:14  Marauder  
  176  22:15  Marauder  
  185  22:17  Marine  
  185  22:18  Marauder  
  185  22:20  Widow Mine  
  190  22:25  Marine  
  190  22:29  Marine  
  192  22:34  Marine  
  192  22:36  Marauder  
Tags
 
Add a new tag
Caveats
  • Supply blocks, unpowered buildings, or Contaminate may cause inaccurate times.
  • Supply counts are checked every 10 seconds.